 Dungeon Crawl Stone Soup version 0.22.1-2-g9c5b331383 (webtiles) character file.

2007 Cykl0x the Chopper (level 9, -2/56 HPs)
             Began as a Gargoyle Fighter on Dec 8, 2018.
             Was a Believer of Okawaru.
             Slain by an orc warrior
             ... wielding a +0 glaive
              (19 damage)
             ... on level 6 of the Dungeon.
             The game lasted 00:15:02 (5160 turns).

Cykl0x the Chopper (Gargoyle Fighter)               Turns: 5160, Time: 00:15:03

Health: -2/56      AC: 18    Str: 21    XL:     9   Next: 22%
Magic:  9/9        EV:  4    Int: 10    God:    Okawaru [**....]
Gold:   163        SH: 15    Dex: 10    Spells: 8/8 levels left

rFire    + + .     SeeInvis .   a - +3 war axe (chop)
rCold    + . .     Gourm    .   t - +0 large shield
rNeg     + . .     Faith    .   b - +2 chain mail {rF+}
rPois    ∞         Spirit   .   (no helmet)
rElec    +         Reflect  .   w - scarf {rC+ rF+}
rCorr    .         Harm     .   (no gloves)
MR       .....                  (no boots)
Stlth    ..........             (no amulet)
HPRegen  0.18/turn              (no ring)
MPRegen  0.11/turn              (no ring)

@: no status effects
A: negative energy resistance 1, electricity resistance, unbreathing,
petrification resistance, rot immunity, AC +6
a: Heroism, Renounce Religion


You were on level 6 of the Dungeon.
You worshipped Okawaru.
Okawaru was pleased with you.
You were not hungry.

You visited 1 branch of the dungeon, and saw 7 of its levels.
You also visited: Sewer.

You collected 221 gold pieces.
You spent 58 gold pieces at shops.

Inventory:

Hand Weapons
 a - a +3 war axe of chopping (weapon)
 B - a +1 hand axe of electrocution
 C - a +2 war axe of flaming
Missiles
 e - 2 javelins (quivered)
 l - 99 stones
 p - 4 tomahawks
Armour
 b - a +2 chain mail of fire resistance (worn)
 c - a +1 shield
 t - a +0 large shield (worn)
 w - a scarf of resistance (worn)
 D - a +0 plate armour
Jewellery
 h - a cursed -3 ring of strength {unknown}
 o - an uncursed ring of ice
 y - a cursed +5 ring of intelligence {unknown}
Wands
 x - a wand of random effects (17)
Scrolls
 n - 2 scrolls of immolation
 r - 3 scrolls of amnesia
Potions
 d - 4 potions of might
 g - 8 potions of curing
 i - a potion of heal wounds
 j - 6 potions of haste
 k - 2 potions of flight
 m - 4 potions of brilliance {unknown}
 q - a potion of resistance {unknown}
 s - 3 potions of lignification {unknown}
 u - a potion of agility {unknown}
 v - a potion of degeneration {unknown}
 z - 3 potions of mutation {unknown}
Comestibles
 f - 6 rations
 A - 3 chunks of flesh


   Skills:
 + Level 6.3 Fighting
 + Level 7.3 Axes
 + Level 1.2 Throwing
 + Level 6.1 Armour
 + Level 2.0 Dodging
 + Level 0.7 Stealth
 + Level 5.9 Shields


You had 8 spell levels left.
You didn't know any spells.
Your spell library contained the following spells:

 Spells                   Type           Power        Failure   Level  Hunger
 Beastly Appendage        Tmut           #.....       100%        1    ##.....
 Sticks to Snakes         Tmut           #.......     100%        2    ###....
 Spider Form              Tmut/Pois      #.........   100%        3    ####...
 Ice Form                 Ice/Tmut       #.......     100%        4    #####..
 Blade Hands              Tmut           #.........   100%        5    ######.


Dungeon Overview and Level Annotations

Branches:
Dungeon (7/15)             Temple (0/1) D:7

Altars:
Cheibriados
Okawaru
Trog
Uskayaw
Yredelemnul
The Shining One

Shops:
D:6 [


Innate Abilities, Weirdness & Mutations

You are resistant to torment.
Your stone body is resilient. (AC +6)
You are immune to poison.
You resist negative energy. (rN+)
You are resistant to electric shocks. (rElec)
You can survive without breathing.
You are immune to petrification.
You are immune to rotting.


Message History

The orc warrior hits you from afar with a glaive.
An orc comes into view. It is wielding a dagger.
An orc priest comes into view. It is wielding a flail.
The orc priest shouts!
The orc priest mumbles some strange prayers to Beogh against you.
Beogh smites you!
You see here a dagger.
You hit the orc warrior but do no damage.
You slash the orc!
You kill the orc!
Okawaru accepts your kill. The orc warrior hits you with a glaive!
You block the orc's attack. The orc warrior hits you with a glaive!
* * * LOW HITPOINT WARNING * * *
There is a stone staircase leading up here.
You completely miss the orc priest. You hit the orc but do no damage.
You barely miss the orc warrior. You block the orc priest's attack.
You block the orc's attack.
The orc warrior hits you with a glaive!!
You die...

#...# #....##........
#...# ###..###........
##...# #......#........
##....# ###
###..###########
#..##........## #.....#
..## #######...####_.#♣##
.#############...########
....<............o......#
.#....###### #..@o).....#
.####..#########.o######
.# ##............# # ##
###########..## # ##
#...## # .# ####.#..###
### .# .....##...## #..
.## ..########..## #[#
..##### ###.# ##..## ##.#


You could see an orc warrior, an orc priest and an orc.

Vanquished Creatures
  Sigmund (D:6)
  Eustachio (D:5)
  Duvessa (D:5)
  An orc warrior (D:6)
  5 ogres
  3 centaurs
  A bullfrog (D:7)
  Dowan (D:5)
  A water moccasin skeleton (D:6)
  A howler monkey (D:4)
  A crimson imp (D:5)
  A hound (D:5)
  2 orc priests
  2 jellies
  2 orc wizards
  An iguana (D:5)
  3 worker ants
  7 river rats
  13 adders
  An adder zombie (D:7)
  An adder skeleton (D:6)
  A worm (D:2)
  6 dart slugs
  4 leopard geckos
  21 orcs
  8 ball pythons
  3 bats
  4 giant cockroaches
  3 goblins
  5 jackals
  7 kobolds
  2 quokkas
  9 frilled lizards
  A jackal skeleton (D:6)
  17 rats
141 creatures vanquished.

Notes
Turn   | Place    | Note
-------+----------+-------------------------------------------
     0 | D:1      | Cykl0x the Gargoyle Fighter began the quest for the Orb.
     0 | D:1      | Reached XP level 1. HP: 14/14 MP: 1/1
   138 | D:1      | Reached XP level 2. HP: 18/19 MP: 2/2
   173 | D:1      | Reached skill level 2 in Axes
   472 | D:1      | Reached XP level 3. HP: 23/23 MP: 3/3
   571 | D:2      | Found a basalt altar of Yredelemnul.
  1160 | D:3      | Reached XP level 4. HP: 29/29 MP: 4/4
  1325 | D:3      | Reached XP level 5. HP: 12/33 MP: 5/5
  1342 | D:3      | Found a glowing drain.
  1346 | Sewer    | Entered a sewer
  1464 | Sewer    | Reached skill level 3 in Axes
  2036 | D:3      | Found a faded altar of an unknown god.
  2186 | D:3      | Reached XP level 6. HP: 38/38 MP: 6/6
  2449 | D:4      | Found an iron altar of Okawaru.
  2450 | D:4      | Found a bloodstained altar of Trog.
  2460 | D:4      | Reached skill level 1 in Dodging
  2470 | D:4      | Became a worshipper of Warmaster Okawaru
  2578 | D:4      | Reached skill level 4 in Axes
  2681 | D:4      | Found a basalt altar of Yredelemnul.
  2684 | D:4      | Noticed a profane servitor
  2693 | D:4      | Found a glowing golden altar of the Shining One.
  2695 | D:4      | Noticed an angel
  2722 | D:4      | Reached XP level 7. HP: 28/44 MP: 7/7
  2854 | D:5      | Entered Level 5 of the Dungeon
  2884 | D:5      | Noticed Eustachio
  2905 | D:5      | Killed Eustachio
  2905 | D:5      | Reached skill level 5 in Shields
  3217 | D:5      | Noticed Duvessa
  3218 | D:5      | Noticed Dowan
  3232 | D:5      | Reached skill level 5 in Fighting
  3235 | D:5      | Killed Dowan
  3235 | D:5      | Reached skill level 5 in Axes
  3240 | D:5      | Killed Duvessa
  3240 | D:5      | Reached * piety under Okawaru
  3240 | D:5      | Reached XP level 8. HP: 20/49 MP: 8/8
  3673 | D:5      | Reached skill level 5 in Armour
  3776 | D:5      | You fall through a shaft for 2 floors!
  3792 | D:7      | Reached skill level 6 in Axes
  3874 | D:7      | Reached ** piety under Okawaru
  4115 | D:7      | Found a staircase to the Ecumenical Temple.
  4586 | D:6      | Found a snail-covered altar of Cheibriados.
  4587 | D:6      | Found a hide-covered altar of Uskayaw.
  4588 | D:6      | Reached skill level 1 in Throwing
  4700 | D:6      | Reached skill level 7 in Axes
  4700 | D:6      | Reached XP level 9. HP: 16/55 MP: 9/9
  4927 | D:6      | Noticed Sigmund
  4938 | D:6      | Killed Sigmund
  4983 | D:6      | Found Biolotte's Armour Emporium.
  4991 | D:6      | Bought a +0 large shield for 58 gold pieces
  5160 | D:6      | Slain by an orc warrior

Skill      XL: |  1  2  3  4  5  6  7  8  9 |
---------------+----------------------------+-----
Axes           | 2 3 4 5 7 |  7.3
Armour         | 4 5 6 |  6.1
Fighting       | 4 5 6 |  6.3
Shields        | 4 5 |  5.9
Dodging        | 1 2 |  2.0
Throwing       | 1 |  1.2
Stealth        | |  0.7

Action                   |  1- 3 |  4- 6 |  7- 9 || total
-------------------------+-------+-------+-------++-------
Melee: War axe           |    73 |   203 |   196 ||   472
Throw: Javelin           |     4 |     2 |    10 ||    16
       Stone             |       |       |    10 ||    10
  Use: Scroll            |     8 |     7 |     3 ||    18
  Eat: Chunk             |       |     7 |     8 ||    15
Armor: Scale mail        |    45 |   124 |    32 ||   201
       Chain mail        |       |       |    82 ||    82
       Plate armour      |       |       |     2 ||     2
Dodge: Dodged            |    37 |    69 |    42 ||   148
Block: Shield            |    45 |   116 |    97 ||   258
       Large shield      |       |       |    10 ||    10
